 Dungeon Crawl Stone Soup version 0.27.1-34-g3ba077fa99 (webtiles) character file.

Game seed: 16730027834155640391

113 boopmooplesden the Skirmisher (level 4, -1/41 HPs)
             Began as a Minotaur Fighter on Jan 5, 2022.
             Was a Follower of Kikubaaqudgha.
             Slain by a gnoll (7 damage)
             ... on level 2 of the Dungeon.
             The game lasted 00:02:10 (1000 turns).

boopmooplesden the Skirmisher (Minotaur Fighter)    Turns: 1000, Time: 00:02:12

Health: -1/41      AC:  7    Str: 21    XL:     4   Next: 65%
Magic:  3/3        EV:  8    Int:  5    God:    Kikubaaqudgha [*.....]
Gold:   37         SH:  9    Dex: 10    Spells: 2/3 levels left

rFire    . . .     SeeInvis .   a - +0 long sword
rCold    . . .     Faith    .   c - +0 kite shield
rNeg     . . .     Spirit   .   b - +0 scale mail
rPois    .         Reflect  .   (helmet restricted)
rElec    .         Harm     .   (no cloak)
rCorr    .         Rampage  .   (no gloves)
Will     .....                  (no boots)
Stlth    ..........             (no amulet)
HPRegen  0.13/turn              (no ring)
MPRegen  0.08/turn              (no ring)

@: no status effects
A: horns 2, retaliatory headbutt
a: Renounce Religion, Receive Corpses


You were on level 2 of the Dungeon.
You worshipped Kikubaaqudgha.
Kikubaaqudgha was aware of your devotion.
You visited 1 branch of the dungeon, and saw 2 of its levels.

You collected 37 gold pieces.

Inventory:

Hand Weapons
 a - a +0 long sword (weapon)
Armour
 b - a +0 scale mail (worn)
 c - a +0 kite shield (worn)
Scrolls
 f - a scroll of torment {unknown}
 g - a scroll of fear {unknown}
 j - a scroll of identify {unknown}
Potions
 d - a potion of might
 e - 3 potions of attraction {unknown}
 h - a potion of flight {unknown}
 i - a potion of ambrosia {unknown}


   Skills:
 + Level 4.4 Fighting
 + Level 3.2 Long Blades
 + Level 4.2 Armour
 + Level 1.6 Dodging
 + Level 4.1 Shields
 + Level 1.0 Necromancy


You had 2 spell levels left.
You knew the following spells:

 Your Spells              Type           Power      Damage    Failure   Level
a - Animate Skeleton      Necr           2%         N/A       98%         1

Your spell library contained the following spells:

 Spells                   Type           Power      Damage    Failure   Level
 Pain                     Necr           4%         1d4       98%         1
 Sublimation of Blood     Necr           0%         N/A       99%         2
 Vampiric Draining        Necr           0%         2d6       100%        3


Dungeon Overview and Level Annotations

Branches:
Dungeon (2/15)

Altars:
Kikubaaqudgha


Innate Abilities, Weirdness & Mutations

You have a pair of horns on your head.
You reflexively headbutt those who attack you in melee.


Message History

You kill the kobold!
Kikubaaqudgha accepts your kill.
You see here a +0 short sword.
j - a scroll labelled ENA QOL DYSMOD
Found a long sword.
Found 25 sling bullets.
A quokka comes into view.
A quokka is nearby!
A quokka is nearby!
The quokka bites you but does no damage.
Your shield prevents you from hitting the quokka.
You block the quokka's attack. x2
You hit the quokka. Your headbutt misses the quokka.
The quokka is heavily wounded.
You block the quokka's attack.
The quokka bites you but does no damage.
You closely miss the quokka. You headbutt the quokka.
You kill the quokka!
Kikubaaqudgha accepts your kill.
You see here a quokka corpse. 3 gnolls come into view.
The gnoll shouts! x2
A gnoll comes into view. It is wielding a +0 whip.
The gnoll moves out of view.
There are monsters nearby!
The gnoll shouts!
You block the gnoll's attack. You block the gnoll's attack. x2
You hit the gnoll.
The gnoll is moderately wounded.
The gnoll hits you with a +0 spear. The gnoll hits you with a +0 whip.
The gnoll hits you with a +0 halberd! The gnoll hits you with a +0 spear!
* * * LOW HITPOINT WARNING * * *
You hit the gnoll.
The gnoll is heavily wounded.
The gnoll hits you with a +0 whip.
* * * LOW HITPOINT WARNING * * *
You block the gnoll's attack. x2; The gnoll hits you with a +0 spear!
You die...
Kikubaaqudgha rasps: "You have failed me!
Welcome... death!"

..#####.###
..........#
..#####.#.######
.............).#
.######.#.####.##
.# #.#...†...# .#
#.....##..# ##
#####.##..###.#
#....g@...#
#..(.gg.###
#.....#g#
..........
###.....#.#.
.........#.#
###.#..### .
#.#.. ##


You could see 4 gnolls.

Vanquished Creatures
  Natasha (thrice) (D:2)
  3 dart slugs (D:1)
  2 endoplasms (D:1)
  2 giant cockroaches (D:1)
  A goblin (D:1)
  2 hobgoblins (D:1)
  5 kobolds
  3 quokkas
  2 ball pythons (D:1)
  4 bats (D:1)
  6 rats (D:1)
33 creatures vanquished.

Notes
Turn   | Place    | Note
-------+----------+-------------------------------------------
     0 | D:1      | boopmooplesden the Minotaur Fighter began the quest for the
                  | Orb.
     0 | D:1      | Reached XP level 1. HP: 19/19 MP: 0/0
    35 | D:1      | Reached XP level 2. HP: 17/27 MP: 1/1
   581 | D:1      | Found a faded altar of an unknown god.
   589 | D:1      | Reached XP level 3. HP: 33/34 MP: 2/2
   590 | D:1      | Became a worshipper of Kikubaaqudgha
   590 | D:1      | Reached * piety under Kikubaaqudgha
   590 | D:1      | Received a gift from Kikubaaqudgha
   880 | D:2      | Noticed Natasha
   884 | D:2      | Killed Natasha
   890 | D:2      | Noticed Natasha
   898 | D:2      | Killed Natasha
   899 | D:2      | Reached skill level 1 in Dodging
   899 | D:2      | Reached XP level 4. HP: 41/41 MP: 3/3
   908 | D:2      | Learned a level 1 spell: Animate Skeleton
   929 | D:2      | Noticed Natasha
   934 | D:2      | Killed Natasha
   935 | D:2      | Reached skill level 1 in Necromancy
  1000 | D:2      | Slain by a gnoll

Illustrated notes

Levels and vault maps discovered:
D:1:      dpeg_arrival_water_temple_mockup, layout_basic, basic_ecumenical_altar
D:2:      layout_loops_ring, uniq_natasha, uniq_terence, uniq_robin

Skill      XL: |  1  2  3  4 |
---------------+-------------+-----
Fighting       | 4 |  4.4
Armour         | 4 |  4.2
Shields        | 4 |  4.1
Long Blades    | 3 |  3.2
Dodging        | 1 |  1.6
Necromancy     | 1 |  1.0

Action                   |  1- 3 |  4- 6 || total
-------------------------+-------+-------++-------
Melee: Long sword        |    58 |     9 ||    67
       Headbutt          |    10 |     2 ||    12
Invok: Receive Corpses   |       |     1 ||     1
Armor: Scale mail        |    23 |     2 ||    25
Dodge: Dodged            |    23 |     3 ||    26
Block: Kite shield       |    30 |     9 ||    39
       Rpst.: Long sword |     7 |     1 ||     8
